 Dungeon Crawl Stone Soup version 0.29.1-1-gd02db6906a (webtiles) character file.

Game seed: 12981201707243946101

6841 AlexRAT the Party-goer (level 10, -3/79 HPs)
             Began as a Demonspawn Monk on Oct 9, 2022.
             Was a Follower of Uskayaw.
             Slain by a slime creature (15 damage)
             ... on level 8 of the Dungeon.
             The game lasted 00:18:54 (8993 turns).

AlexRAT the Party-goer (Demonspawn Monk)            Turns: 8993, Time: 00:18:55

Health: -3/79      AC: 16    Str: 20    XL:     10   Next: 77%
Magic:  16/16      EV:  7    Int: 14    God:    Uskayaw [*.....]
Gold:   691        SH: 15    Dex: 18    Spells: 9/9 levels left

rFire   . . .      SeeInvis .   x - +1 whip (flame)
rCold   + + +      Faith    .   r - +0 tower shield
rNeg    . . .      Spirit   .   F - +3 chain mail {rC+}
rPois   +          Reflect  .   (helmet restricted)
rElec   +          Harm     .   D - scarf {repulsion}
rCorr   .          Rampage  .   m - +2 pair of gloves
Will    ++...      Rage     50% (no boots)
Stlth   ..........              l - necklace of Bloodlust {*Rage Will++ Int-3 Slay+6}
HPRegen 0.23/turn               f - ring of Buehan {Drain rElec rPois rC++ Str+6}
MPRegen 0.15/turn               b - +6 ring of intelligence

@: repel missiles
A: antennae 2, hooves 1, spiny 3, demonic magic 1, demonic touch 1
a: Renounce Religion, Stomp


You were on level 8 of the Dungeon.
You worshipped Uskayaw.
Uskayaw was aware of your devotion.
You visited 2 branches of the dungeon, and saw 9 of its levels.
You also visited: Ossuary.

You collected 691 gold pieces.

Inventory:

Hand Weapons
 x - a +1 whip of flaming (weapon)
Missiles
 k - 3 javelins (quivered)
Armour
 m - a +2 pair of gloves (worn)
 r - a +0 tower shield (worn)
 D - a scarf of repulsion (worn)
 F - a +3 chain mail of cold resistance (worn)
Jewellery
 b - a +6 ring of intelligence (right hand)
 f - the ring of Buehan (left hand) {Drain rElec rPois rC++ Str+6}
   (You acquired it on level 3 of the Dungeon)

   [ring of strength]

   Str:       It affects your strength (+6).
   rC:        It greatly protects you from cold.
   rElec:     It insulates you from electricity.
   rPois:     It protects you from poison.
   Drain:     It drains your maximum health when unequipped.
 l - the necklace of Bloodlust (around neck) {*Rage Will++ Int-3 Slay+6}
   (You found it on level 7 of the Dungeon)

   [amulet of nothing]

   It extends the wearer's berserk rage when killing foes.
   Int:       It affects your intelligence (-3).
   Slay:      It affects your accuracy & damage with ranged weapons and melee
   (+6).
   *Rage:     It berserks you when you make melee attacks (+50% chance).
   Will:      It greatly increases your willpower.
Wands
 B - a wand of iceblast (10)
 E - a wand of polymorph (5)
 H - a wand of flame (22)
Scrolls
 d - 3 scrolls of teleportation
 e - a scroll of identify
 s - 2 scrolls of enchant weapon
 u - a scroll of immolation
 v - a scroll of fear
 y - a scroll of silence
 z - 3 scrolls of amnesia
 A - a scroll of enchant armour
Potions
 a - 2 potions of might
 c - 2 potions of ambrosia
 g - 4 potions of curing
 h - a potion of flight {unknown}
 i - a potion of magic {unknown}
 j - 3 potions of haste
 n - 4 potions of heal wounds
 o - a potion of brilliance
 p - 2 potions of lignification {unknown}
 q - a potion of attraction {unknown}
 t - 4 potions of mutation
 w - a potion of invisibility {unknown}
 C - 2 potions of resistance {unknown}
 G - a potion of cancellation {unknown}


   Skills:
 + Level 7.5 Fighting
 + Level 6.8 Maces & Flails
 + Level 6.1 Armour
 + Level 6.7 Dodging
 - Level 1.7 Stealth
 + Level 6.0 Shields
 + Level 8.6 Invocations


You had 9 spell levels left.
You didn't know any spells.
Your spell library contained the following spells:

 Spells                   Type           Power      Damage    Failure   Level
 Slow                     Hex            0%         N/A       100%        1
 Confusing Touch          Hex            0%         N/A       100%        3
 Vampiric Draining        Necr           0%         2d6       100%        3


Dungeon Overview and Level Annotations

Branches:
Dungeon (8/15)             Temple (1/1) D:6            Lair (0/5) D:8
Ossuary (visited)

Altars:
Ashenzari
Cheibriados
Dithmenos
Fedhas
Gozag
Hepliaklqana
Kikubaaqudgha
Makhleb
Nemelex Xobeh
Okawaru
Qazlal
Sif Muna
Trog
Uskayaw
Vehumet
Wu Jian
Yredelemnul

Annotations:
D:4 exclusion: door


Innate Abilities, Weirdness & Mutations

You have a pair of antennae on your head.
You have large cloven feet.
You are completely covered in sharp spines.
Spells you cast may paralyse adjacent enemies.
Your touch may inflict minor irresistible damage on your foes.


Message History

The slime creature attacks as you move away!
The slime creature is struck by your spines.
The slime creature hits you!
* * * LOW HITPOINT WARNING * * *
The slime creature attacks as you move away!
The slime creature hits you but does no damage.
The slime creature attacks as you move away!
The slime creature is struck by your spines.
The slime creature barely misses you.
Uskayaw will force your foes to helplessly watch your dance.
The slime creature attacks as you move away!
You block the slime creature's attack.
You can no longer pass through a line of other dancers.
Things that are here:
a wyvern skeleton; an elephant skeleton The slime creature attacks as you move away!
You block the slime creature's attack.
The slime creature attacks as you move away!
You block the slime creature's attack.
The centaur warrior wields a +0 shortbow.
The centaur warrior shoots an arrow.
You block the arrow.
The slime creature attacks as you move away!
The slime creature is struck by your spines.
The slime creature hits you.
* * * LOW HITPOINT WARNING * * *
The centaur warrior shoots an arrow.
You block the arrow.
You completely miss the slime creature. You kick the slime creature.
The slime creature is moderately wounded.
You block the slime creature's attack.
The centaur warrior unwields a +0 shortbow.
The centaur warrior is struck by your spines.
The centaur warrior hits you but does no damage.
The centaur warrior kicks you.
* * * LOW HITPOINT WARNING * * *
You barely miss the centaur warrior.
The centaur warrior is lightly wounded.
You block the centaur warrior's attack. x2
The slime creature is struck by your spines.
The slime creature hits you!
You die...

## ####.# #.# #####.. #####
#....# #.# .....#.. ...#
#.#### #.#
.###...########.#####.######.#
........)....................#
.........######..........)...#
....#..).###.......###.###.#)#
#..........+...c.......#
#.#)####
.........###...J@......#
#.#.#...
.........#.....#+##....#
#.#.'... ...##....#.....#
...#### #.#.#.).
..............{###### #.#.#...
.##..(.........+ ........
#####.......D# #...#...
####.....### ########
#.......# ####....#


You could see a slime creature and a centaur warrior.

Vanquished Creatures
  A two-headed ogre (D:8)
  Pikel (D:4)
  An elephant (D:8)
  An unseen horror (D:7)
  A gargoyle (D:7)
  A hornet (D:5)
  3 wyverns
  A basilisk (D:8)
  Menkaure (D:4)
  Duvessa (D:4)
  Edmund (D:4)
  4 water moccasins (D:6)
  3 ice beasts
  4 black bears
  A sky beast (D:7)
  2 ogres
  A centaur (D:8)
  3 phantoms
  An elf zombie (Ossuary)
  4 bullfrogs
  2 necrophages
  2 scorpions (D:6)
  10 wights
  Dowan (D:4)
  9 killer bees
  An orc priest (D:5)
  5 hounds
  A jelly (D:4)
  A gnoll bouda (D:5)
  2 centaur zombies (Ossuary)
  An iguana (D:5)
  4 orc wizards
  2 mummies (Ossuary)
  8 gnolls
  An adder (D:6)
  3 shadow imps
  A white imp (D:4)
  2 ufetubi
  3 worms
  17 orcs
  4 bats (D:2)
  10 endoplasms
  2 gnoll zombies (Ossuary)
  12 hobgoblins
  2 quokkas
  6 ball pythons
  A frilled lizard (D:1)
  9 goblins
  4 goblin zombies (Ossuary)
  2 hobgoblin zombies (Ossuary)
  5 kobolds
  3 orc zombies (Ossuary)
  3 rats
175 creatures vanquished.

Vanquished Creatures (others)
  4 plants (D:8)
4 creatures vanquished.

Grand Total: 179 creatures vanquished

Notes
Turn   | Place    | Note
-------+----------+-------------------------------------------
     0 | D:1      | AlexRAT the Demonspawn Monk began the quest for the Orb.
     0 | D:1      | Reached XP level 1. HP: 18/18 MP: 1/1
   299 | D:1      | Gained mutation: You are partially covered in sharp spines.
                  | [demonic ancestry]
   299 | D:1      | Reached XP level 2. HP: 4/24 MP: 2/2
   843 | D:1      | Found a faded altar of an unknown god.
   850 | D:1      | Prayed at the altar of an unknown god.
   850 | D:1      | Became a worshipper of Uskayaw the Reveller
   850 | D:1      | Reached * piety under Uskayaw
   850 | D:1      | Reached ** piety under Uskayaw
  1571 | D:2      | Reached skill level 1 in Armour
  1583 | D:2      | Discovered your monstrous ancestry.
  1583 | D:2      | Gained mutation: You have a pair of small antennae on your
                  | head. [demonic ancestry]
  1583 | D:2      | Reached XP level 3. HP: 26/29 MP: 3/3
  2498 | D:3      | Found a bloodstained altar of Trog.
  2857 | D:3      | Reached skill level 1 in Invocations
  2857 | D:3      | Gained mutation: You are mostly covered in sharp spines.
                  | [demonic ancestry]
  2857 | D:3      | Reached XP level 4. HP: 29/35 MP: 4/4
  2860 | D:3      | Reached *** piety under Uskayaw
  3126 | D:3      | Identified a scroll of acquirement
  3126 | D:3      | Acquired the ring of Buehan {Drain rElec rPois rC++ Str+6}
  3234 | D:4      | Reached skill level 1 in Shields
  3481 | D:4      | Noticed Edmund
  3481 | D:4      | Noticed a black bear
  3538 | D:4      | Noticed an ogre
  3545 | D:4      | Killed an ogre
  3546 | D:4      | Gained mutation: You are completely covered in sharp
                  | spines. [demonic ancestry]
  3546 | D:4      | Reached XP level 5. HP: 29/42 MP: 4/6
  3656 | D:4      | Noticed Duvessa
  3657 | D:4      | Noticed Dowan
  3668 | D:4      | Killed Duvessa
  3669 | D:4      | Reached skill level 2 in Invocations
  3669 | D:4      | Gained mutation: You have large cloven feet. [demonic
                  | ancestry]
  3669 | D:4      | Reached XP level 6. HP: 31/48 MP: 4/7
  3670 | D:4      | Killed Dowan
  3801 | D:4      | Noticed Pikel
  3818 | D:4      | Reached **** piety under Uskayaw
  3819 | D:4      | Killed Pikel
  3820 | D:4      | Reached skill level 4 in Invocations
  3820 | D:4      | Reached XP level 7. HP: 26/55 MP: 7/10
  4201 | D:4      | Noticed Menkaure
  4208 | D:4      | Killed Menkaure
  4209 | D:4      | Gained mutation: You have a pair of antennae on your head.
                  | [demonic ancestry]
  4209 | D:4      | Reached XP level 8. HP: 31/61 MP: 11/11
  4359 | D:4      | Found an opulent altar of Gozag.
  4568 | D:4      | Killed Edmund
  4569 | D:4      | Reached skill level 5 in Fighting
  4974 | D:5      | Entered Level 5 of the Dungeon
  5000 | D:5      | Reached skill level 5 in Invocations
  5406 | D:5      | Found a shimmering blue altar of Sif Muna.
  5885 | D:5      | Noticed a hornet
  5894 | D:5      | Killed a hornet
  5895 | D:5      | Reached skill level 5 in Maces & Flails
  5895 | D:5      | Reached skill level 5 in Dodging
  6104 | D:5      | Gained mutation: Your touch may inflict minor irresistible
                  | damage on your foes. [demonic ancestry]
  6104 | D:5      | Reached XP level 9. HP: 69/69 MP: 13/13
  6218 | D:6      | Reached skill level 6 in Invocations
  6737 | D:6      | Found a staircase to the Ecumenical Temple.
  7117 | Temple   | Entered the Ecumenical Temple
  7393 | D:7      | Noticed a gargoyle
  7408 | D:7      | Killed a gargoyle
  7409 | D:7      | Reached skill level 5 in Armour
  7409 | D:7      | Reached skill level 7 in Invocations
  7479 | D:7      | Reached skill level 5 in Shields
  7571 | D:7      | Found the necklace of Bloodlust {*Rage Will++ Int-3 Slay+6}
  7619 | D:7      | Reached ***** piety under Uskayaw
  7651 | D:7      | Gained mutation: Spells you cast may paralyse adjacent
                  | enemies. [demonic ancestry]
  7651 | D:7      | Reached XP level 10. HP: 45/75 MP: 15/15
  7746 | D:7      | Found a sand-covered staircase.
  7777 | Ossuary  | Entered an ossuary
  8700 | D:8      | Noticed an elephant
  8701 | D:8      | Found a staircase to the Lair.
  8716 | D:8      | Killed an elephant
  8717 | D:8      | Reached skill level 8 in Invocations
  8948 | D:8      | Noticed a two-headed ogre
  8950 | D:8      | Noticed a centaur warrior
  8954 | D:8      | Noticed a four-headed hydra
  8954 | D:8      | Killed a two-headed ogre
  8993 | D:8      | Slain by a slime creature

Illustrated notes

Levels and vault maps discovered:
D:1:      roderic_chinese_lattice_arrival, layout_basic, basic_ecumenical_altar,
          nrook_mini_vaults
D:2:      layout_loops_ring
D:3:      layout_basic, lemuel_crystal_altar, hangedman_decor_peaks_small,
          minmay_pentomino_pile
D:4:      layout_basic, mainiacjoe_overflow_alcove_1, uniq_pikel, uniq_duvessa,
          uniq_edmund, uniq_menkaure
D:5:      layout_cave_pods, nicolae_overflow_crystal_walls, serial_glass,
          glass_columns_a, glass_columns_a, glass_columns_c, glass_columns_b,
          glass_columns_a, glass_columns_b
D:6:      layout_basic, minmay_temple_entry_poolview, serial_glass,
          glass_columns_b, glass_columns_a, minmay_misc_feat_alley
D:7:      layout_loops_ring, nicolae_ossuary_entry_false_entrances
D:8:      nzn_winding_woodlands_three_and_one
          [nzn_winding_woodlands_5x15_garden,
          nzn_winding_woodlands_5x15_river_crossing,
          nzn_winding_woodlands_5x15_longhouse,
          nzn_winding_woodlands_center_diamonds], layout_basic,
          david_lair_generic
Temple:   nicolae_temple_elliptical

Skill      XL: |  1  2  3  4  5  6  7  8  9 10 |
---------------+-------------------------------+-----
Maces & Flails | 3 4 5 6 |  6.8
Dodging        | 3 4 5 6 |  6.7
Armour         | 1 2 3 4 5 6 |  6.1
Invocations    | 1 2 4 5 7 8 |  8.6
Shields        | 1 2 3 4 5 6 |  6.0
Fighting       | 4 5 6 7 |  7.5
Stealth        | |  1.7

Action                   |  1- 3 |  4- 6 |  7- 9 | 10-12 || total
-------------------------+-------+-------+-------+-------++-------
Melee: Mace              |   102 |    40 |       |       ||   142
       Punch             |     2 |       |       |       ||     2
       Kick              |       |     5 |    67 |    33 ||   105
       Whip              |       |       |   218 |    96 ||   314
       Unarmed           |       |       |    17 |       ||    17
Throw: Javelin           |       |       |     1 |       ||     1
Invok: Stomp             |       |     1 |       |       ||     1
  Use: Scroll            |       |     9 |     7 |       ||    16
       Potion            |       |       |       |     1 ||     1
 Stab: Paralysed         |       |     4 |    16 |     9 ||    29
       Confused          |       |       |     4 |       ||     4
Armor: Robe              |     4 |       |       |       ||     4
       Plate armour      |    41 |    14 |     7 |       ||    62
       Chain mail        |       |       |    74 |    33 ||   107
       Skin              |       |       |     1 |       ||     1
Dodge: Dodged            |    28 |     2 |    26 |    13 ||    69
       Repelled          |       |       |     2 |       ||     2
Block: Tower shield      |    30 |    23 |   172 |    61 ||   286
